[Event "Early-Titled-Tuesday-Blitz-March-19-2024"]
[Site "Chess.com"]
[Date "2024.03.19"]
[Round "9"]
[White "LeRoidesChampions"]
[Black "Muslim_player_05"]
[Result "1/2-1/2"]
[WhiteElo "2650"]
[BlackElo "2502"]
[TimeControl "180+1"]
[EndTime "9:44:03 PDT"]
[Termination "Game drawn by 50-move rule"]

1. e4 e5 2. Nf3 Nc6 3. Bb5 a6 4. Ba4 Nf6 5. d3 b5 6. Bb3 Bc5 7. Nc3 d6 8. a3 h6 9. Nd5 Rb8 10. c3 Nxd5 11. Bxd5 Ne7 12. Ba2 Bb6 13. Be3 Bxe3 14.
fxe3 O-O 15. O-O Be6 16. a4 b4 17. Bxe6 fxe6 18. c4 Qe8 19. b3 a5 20. Qe2 Qh5 21. Rf2 Rf6 22. Raf1 Rbf8 23. Nd2 Qxe2 24. Rxe2 Rxf1+ 25. Nxf1 Nc6 26. Nd2 g5 27. Rf2 Rxf2 28. Kxf2 Kf7 29.
Kf3 h5 30. g4 h4 31. h3 Nb8 32. c5 dxc5 33. Nc4 Nc6 34. Ke2 Kf6 35. Kf3 Ke7 36.
Ke2 Kf6 37. Nd2 Ke7 38. Kd1 Kf6 39. Kc2 Ke7 40. Nc4 Kf6 41. Kb2 Ke7 42. Nd2 Nd8 43. Kc2 Kf6 44. Kd1 Ke7 45. Ke2 Kf6 46. Nf3 Nb7 47.
Nd2 Nd6 48. Nc4 Nxc4 49. dxc4 c6 50. Kd3 Ke7 51. Kc2 Kd6 52. Kb1 Kd7 53. Kb2 Ke7 54. Ka2 Kd6 55. Ka1 Kc7 56. Kb1 Kb6 57. Kc1 Kb7 58. Kd1 Kc7 59. Ke1 Kd6 60. Kf1 Kd7 61. Kg1 Ke7 62. Kh1 Kf6 63. Kh2 Kf7 64. Kg2 Kg7 65. Kf3 Kg6 66. Kf2 Kf6 67. Ke1 Kf7 68.
Kd2 Ke7 69. Kd3 Kd6 70. Ke2 Kd7 71. Kd1 Kc7 72. Kc2 Kb6 73. Kb2 Kb7 74. Ka1 Kc7 75. Kb1 Kd6 76. Kc1 Kd7 77. Kb2 Kc7 78. Ka2 Kd6 79. Ka1 Kd7 80. Kb1 Kc7 81. Kc2 Kb6 82. Kd3 Kb7 83. Kd2 Ka6 84. Ke2 Ka7 85.
Kf2 Kb7 86. Kf1 Kb6 87. Kg1 Kc7 88. Kh1 Kd6 89. Kh2 Kd7 90. Kg2 Ke7 91. Kf3 Kf6 92.
Kf2 Kf7 93. Ke2 Kg6 94. Ke1 Kg7 95. Kd1 Kh6 96. Kc1 Kh7 97. Kb2 Kg6 98. Ka2 Kg7 99.
Ka1 Kf6 1/2-1/2

[Event "Early-Titled-Tuesday-Blitz-March-19-2024"]
[Site "Chess.com"]
[Date "2024.03.19"]
[Round "9"]
[White "KetiTsatsalashvili"]
[Black "KnightmareJoker"]
[Result "1-0"]
[WhiteElo "2480"]
[BlackElo "2305"]
[TimeControl "180+1"]
[EndTime "9:44:05 PDT"]
[Termination "KetiTsatsalashvili won by resignation"]

1. d4 d5 2. Nf3 Nf6 3. c4 e6 4. Nc3 Be7 5. Bg5 h6 6. Bh4 O-O 7. e3 b6 8. cxd5 Nxd5 9. Bxe7 Qxe7 10. Nxd5 exd5 11. Bd3 Be6 12. Rc1 c5 13. Ne5 c4 14.
Bb1 Nd7 15. O-O Nxe5 16. dxe5 Rfd8 17. f4 Qc5 18. f5 Qxe3+ 19. Kh1 Bc8 20. e6 fxe6 21. f6 Rf8 22. Qc2 Qd3 23. Qa4 Qd4 24. Qc6 Rb8 25. Qc7 Rb7 26. f7+ Kh8 27. Qxc8 Qc5 28.
Qxb7 d4 29. Bd3 c3 30. bxc3 dxc3 31. Qe4 1-0

[Event "Early-Titled-Tuesday-Blitz-March-19-2024"]
[Site "Chess.com"]
[Date "2024.03.19"]
[Round "9"]
[White "TERMINATOR_PC"]
[Black "Rutricks"]
[Result "1-0"]
[WhiteElo "2598"]
[BlackElo "2708"]
[TimeControl "180+1"]
[EndTime "9:44:06 PDT"]
[Termination "TERMINATOR_PC won on time"]

1. e4 g6 2. d4 Bg7 3. Nc3 c6 4. Bc4 d5 5. exd5 b5 6. Bb3 b4 7. Na4 cxd5 8. Nf3 Bg4 9. O-O Nc6 10. Be3 Nh6 11. Bxh6 Bxh6 12. a3 bxa3 13. Rxa3 e6 14. c3 Bf8 15. Ra2 Qb8 16. Bc2 Bd6 17. h3 Bf5 18. Bxf5 gxf5 19. Re1 Rg8 20. b4 a5 21.
Nc5 axb4 22. Rxa8 Qxa8 23. cxb4 Nxb4 24. Qb1 Nc6 25. Qxf5 Bxc5 26. Qxh7 Ke7 27. dxc5 Rg6 28. Rb1 d4 29. Qh4+ Kf8 30. Qh8+ Rg8 31. Qh6+ Ke7 32. Qh4+ Kf8 33. Qe4 Qa4 34. Rb6 Ne7 35. Nxd4 Qd1+ 36. Kh2 Qh5 37. Rb8+ Kg7 38. Rxg8+ 1-0

[Event "Early-Titled-Tuesday-Blitz-March-19-2024"]
[Site "Chess.com"]
[Date "2024.03.19"]
[Round "9"]
[White "Grossboss19"]
[Black "gpsji27"]
[Result "1-0"]
[WhiteElo "2561"]
[BlackElo "2351"]
[TimeControl "180+1"]
[EndTime "9:44:08 PDT"]
[Termination "Grossboss19 won by resignation"]

1. c4 e6 2. d4 d5 3. Nf3 Nf6 4. g3 Be7 5. Bg2 O-O 6. Nbd2 c5 7. O-O cxd4 8. Nxd4 b6 9. b3 Bb7 10. Bb2 Nbd7 11.
cxd5 exd5 12. Rc1 Rc8 13. Nf5 Bc5 14. Nf3 Re8 15. e3 Bf8 16. Qe2 Nc5 17. b4 Nce4 18.
a3 Qd7 19. N5d4 Bd6 20. Rxc8 Rxc8 21. Rc1 Rxc1+ 22. Bxc1 Qc7 23. Bb2 a6 24. Bf1 Ng4 25. Nf5 f6 26. N3d4 Ngxf2 27. Ne6 Qd7 28. Nexg7 Be5 29. Bxe5 fxe5 30. Qh5 Qf7 31. Nh6+ 1-0

[Event "Early-Titled-Tuesday-Blitz-March-19-2024"]
[Site "Chess.com"]
[Date "2024.03.19"]
[Round "9"]
[White "moro182"]
[Black "mitrabhaa"]
[Result "1-0"]
[WhiteElo "2878"]
[BlackElo "3062"]
[TimeControl "180+1"]
[EndTime "9:44:11 PDT"]
[Termination "moro182 won by resignation"]

1. d4 Nf6 2. Bf4 b6 3. Nf3 Bb7 4. h3 g6 5. e3 Bg7 6. a4 a6 7. c4 d6 8. Nc3 O-O 9. a5 bxa5 10. Be2 Nbd7 11. O-O Ne4 12. Nxe4 Bxe4 13. Nd2 Bb7 14. Nb3 Rb8 15. Nxa5 Ba8 16. Ra2 c5 17. Bf3 Qc7 18.
Bxa8 Rxa8 19. d5 Rfe8 20. Bg3 Rab8 21. b3 Rb6 22. Qc2 e6 23. Rd1 exd5 24. cxd5 Ne5 25.
Bxe5 Bxe5 26. Nc4 Rb4 27. Rxa6 Qb7 28. Ra3 Qb8 29. Qa2 Bf6 30. Na5 Rb6 31. Nc6 Qc8 32. e4 c4 33. b4 Kg7 34. Qxc4 h5 35. Ra7 Kg8 36. b5 g5 37. e5 Bxe5 38. Ne7+ 1-0

[Event "Early-Titled-Tuesday-Blitz-March-19-2024"]
[Site "Chess.com"]
[Date "2024.03.19"]
[Round "9"]
[White "francyIM"]
[Black "NovozhilovSemen"]
[Result "1-0"]
[WhiteElo "2826"]
[BlackElo "2632"]
[TimeControl "180+1"]
[EndTime "9:44:11 PDT"]
[Termination "francyIM won by resignation"]

1. b3 Nf6 2. Bb2 g6 3. g3 Bg7 4. Bg2 O-O 5. c4 c5 6. Nf3 Nc6 7. d4 Ne4 8. Nbd2 f5 9. e3 cxd4 10. exd4 Qb6 11. O-O e6 12. c5 Qc7 13. Nxe4 fxe4 14. Ng5 b6 15. Nxe4 bxc5 16. Nxc5 Qb6 17. Rc1 d5 18. Re1 Ne7 19. Qe2 Nf5 20. Nxe6 Bxe6 21.
Qxe6+ Qxe6 22. Rxe6 Nxd4 23. Re7 Rac8 24. Rxg7+ Kxg7 25. Bxd4+ Kh6 26. Rxc8 Rxc8 27. Bxd5 Rc1+ 28. Kg2 Rd1 29. Be3+ Kg7 30. Bf3 Rd7 31. a4 a5 32.
Bb6 Rd3 33. Bxa5 Rxb3 34. Bc7 Ra3 35. a5 Kf6 36. Bb7 Ke6 37. a6 1-0

[Event "Early-Titled-Tuesday-Blitz-March-19-2024"]
[Site "Chess.com"]
[Date "2024.03.19"]
[Round "9"]
[White "Matibar"]
[Black "RedFirePanda"]
[Result "1-0"]
[WhiteElo "2760"]
[BlackElo "2538"]
[TimeControl "180+1"]
[EndTime "9:44:13 PDT"]
[Termination "Matibar won on time"]

1. e4 d5 2. Nc3 dxe4 3. Nxe4 Nf6 4. Nxf6+ exf6 5. Nf3 Bd6 6. Be2 O-O 7. O-O Re8 8. h3 Nd7 9. d4 c6 10. Bd3 Nf8 11.
c3 Be6 12. Re1 Qd7 13. Bf1 Ng6 14. Be3 Bf4 15. Qd2 Bxe3 16. Rxe3 Nf4 17. c4 Ng6 18. Rae1 Bf5 19. Rxe8+ Rxe8 20. Rxe8+ Qxe8 21. Qa5 Be4 22. Nd2 a6 23. Qc7 b5 24. Nxe4 Qxe4 25. d5 cxd5 26. Qd8+ Nf8 27. cxd5 Qd4 28. d6 Qxb2 29. Qc7 Qd4 30. g3 g6 31. Bg2 Kg7 32. Bc6 Ne6 33. Qe7 f5 34. h4 Qf6 35. a3 Qa1+ 36. Kg2 Qf6 37. Bd5 Nc5 38. Qc7 Ne4 39. Bxe4 fxe4 40. d7 Qf3+ 41. Kg1 Qd1+ 42. Kh2 Qf3 43. Qe5+ f6 44. Qd4 1-0

[Event "Early-Titled-Tuesday-Blitz-March-19-2024"]
[Site "Chess.com"]
[Date "2024.03.19"]
[Round "9"]
[White "Mandaloriana19"]
[Black "WindWhistler11"]
[Result "1-0"]
[WhiteElo "2435"]
[BlackElo "2522"]
[TimeControl "180+1"]
[EndTime "9:44:13 PDT"]
[Termination "Mandaloriana19 won on time"]

1. d4 Nf6 2. Nf3 e6 3. g3 c5 4. Bg2 cxd4 5. Qxd4 a6 6. O-O Nc6 7. Qd3 Qc7 8. a3 d6 9. Bf4 e5 10. Bg5 Be7 11. e4 Be6 12. Nbd2 Na5 13. Rfd1 Rc8 14. Rac1 Nc4 15. Nxc4 Bxc4 16. Qe3 Ng4 17. Qd2 f6 18. Be3 O-O 19. b3 Nxe3 20. Qxe3 Be6 21. c4 h6 22.
Nh4 f5 23. Nxf5 Bxf5 24. exf5 Rxf5 25. Qe4 Rcf8 26. Rc2 b6 27. b4 Kh8 28. Qb7 Qxb7 29. Bxb7 a5 30. Rd5 axb4 31. axb4 Rf3 32. Rb5 Rb3 33. Rxb6 h5 34. h4 Rf6 35. Be4 Rf8 36.
Rb7 Bf6 37. c5 dxc5 38. bxc5 Rxb7 39. Bxb7 Bd8 40. Be4 Bc7 41. Bg6 1-0

[Event "Early-Titled-Tuesday-Blitz-March-19-2024"]
[Site "Chess.com"]
[Date "2024.03.19"]
[Round "9"]
[White "Chess_Gainz"]
[Black "Meri-Arabidze"]
[Result "0-1"]
[WhiteElo "2556"]
[BlackElo "2694"]
[TimeControl "180+1"]
[EndTime "9:44:15 PDT"]
[Termination "Meri-Arabidze won by resignation"]

1. e4 c5 2. Nf3 e6 3. d4 cxd4 4.
Nxd4 Nc6 5. Nc3 Qc7 6. Be3 a6 7. Qf3 Nf6 8. O-O-O Ne5 9. Qg3 h5 10. h4 b5 11. a3 Bb7 12. Bxb5 Rc8 13. Bf4 Bd6 14.
Nxe6 fxe6 15. Rxd6 Qxd6 16. Bxe5 Qe7 17. Bd6 Qf7 18. Bd3 Ng4 19. f3 Ne3 20. Re1 Nc4 21. e5 Rh6 22. Bxc4 Rxc4 23. Qf2 Bc6 24. Qb6 Qf4+ 25.
Kb1 Qxh4 26. Qxa6 Qxe1+ 27. Ka2 Rxc3 28. Qc8+ Kf7 29. Qf8+ Kg6 30. bxc3 Qxc3 31. Kb1 Ba4 0-1

[Event "Early-Titled-Tuesday-Blitz-March-19-2024"]
[Site "Chess.com"]
[Date "2024.03.19"]
[Round "9"]
[White "Herzog2012"]
[Black "ChessQueen"]
[Result "0-1"]
[WhiteElo "2534"]
[BlackElo "2748"]
[TimeControl "180+1"]
[EndTime "9:44:18 PDT"]
[Termination "ChessQueen won on time"]

1. e4 c6 2. d4 d5 3. e5 Bf5 4. Nf3 e6 5. Be2 Ne7 6. O-O Ng6 7. a4 c5 8. c4 Nc6 9. cxd5 exd5 10. Nc3 c4 11. b3 Bb4 12. Bd2 O-O 13. Nb5 Be7 14. bxc4 dxc4 15. Be3 a6 16. Nc3 Nb4 17. Nd2 Nc2 18.
Nxc4 Nxa1 19. Qxa1 b5 20. Nd2 b4 21. Nce4 b3 22.
Bc4 Rb8 23. Rb1 Rb4 24. Bxb3 Qa8 25. Bc2 Rc8 26. Rxb4 Rxc2 27. Qb1 Bxb4 28. Qxc2 Bxd2 29. Nf6+ gxf6 30. Qxd2 fxe5 31. d5 Qb7 32. f3 Qb1+ 33. Kf2 Qc2 34. Qxc2 Bxc2 35. d6 Bxa4 36. Bg5 Bd7 37.
h4 f5 38. h5 Nf4 39. Ke3 Nxg2+ 40. Kd3 Kf7 41. Kc4 Ke6 42. Kc5 e4 43. fxe4 fxe4 44.
Kd4 e3 45. Kd3 Bb5+ 46. Kd4 e2 0-1

[Event "Early-Titled-Tuesday-Blitz-March-19-2024"]
[Site "Chess.com"]
[Date "2024.03.19"]
[Round "9"]
[White "Jahonas"]
[Black "Juicy_Fork"]
[Result "1-0"]
[WhiteElo "2351"]
[BlackElo "2511"]
[TimeControl "180+1"]
[EndTime "9:44:22 PDT"]
[Termination "Jahonas won by checkmate"]

1. d4 Nf6 2. Nf3 d5 3. c3 e6 4. Bf4 c5 5. e3 Nc6 6. Be2 Bd6 7.
Bg3 O-O 8. Nbd2 Re8 9. O-O e5 10. dxe5 Nxe5 11. Nxe5 Bxe5 12. Bf3 Bxg3 13. hxg3 Bf5 14.
Qb3 Ne4 15. Nxe4 dxe4 16. Be2 Qe7 17. Rad1 a6 18. Qd5 Bg6 19. Qd6 Qg5 20. Qc7 b5 21.
Rd7 Rac8 22. Qb7 Qf6 23. Rfd1 b4 24. R1d6 Qe5 25. Bc4 bxc3 26. bxc3 Qxc3 27. Bxf7+ Bxf7 28. Rxf7 Qa1+ 29. Kh2 Qe5 30. Rdd7 Rb8 31. Rxg7+ Kh8 32. Rxh7+ Kg8 33. Rdg7+ Kf8 34. Qf7# 1-0

[Event "Early-Titled-Tuesday-Blitz-March-19-2024"]
[Site "Chess.com"]
[Date "2024.03.19"]
[Round "9"]
[White "SuperPower2011"]
[Black "LornerAcosta"]
[Result "1-0"]
[WhiteElo "2779"]
[BlackElo "2620"]
[TimeControl "180+1"]
[EndTime "9:44:23 PDT"]
[Termination "SuperPower2011 won on time"]

1. Nf3 d5 2. b3 Nf6 3. Bb2 e6 4. c4 Be7 5. g4 c5 6. g5 Nh5 7. h4 d4 8. e3 g6 9. exd4 cxd4 10.
Bxd4 O-O 11. Be2 Nc6 12. Bb2 Nf4 13. d4 Bb4+ 14. Kf1 f6 15. a3 Be7 16. Nc3 fxg5 17.
hxg5 Bxg5 18. d5 Nb8 19. Ne4 Nxe2 20. Nexg5 Ng3+ 21. Kg2 Nf5 22. Rxh7 e5 23. Bxe5 1-0

[Event "Early-Titled-Tuesday-Blitz-March-19-2024"]
[Site "Chess.com"]
[Date "2024.03.19"]
[Round "9"]
[White "RandomNoob04"]
[Black "DvaHrasta"]
[Result "0-1"]
[WhiteElo "2650"]
[BlackElo "2507"]
[TimeControl "180+1"]
[EndTime "9:44:23 PDT"]
[Termination "DvaHrasta won by checkmate"]

1. e4 c6 2. d4 d5 3. Nc3 dxe4 4.
Nxe4 Nf6 5. Ng5 h6 6. Nxf7 Kxf7 7. Nf3 Bf5 8. Ne5+ Kg8 9. g4 Be4 10. f3 Bd5 11. Bd3 Nbd7 12. Ng6 b5 13. Bf4 c5 14. Qd2 cxd4 15. O-O e5 16. Bg3 Qb6 17. Rae1 Bd6 18.
Nxh8 Kxh8 19. g5 hxg5 20. Qxg5 Bc4 21. f4 e4 22. Bxc4 bxc4 23. Kh1 e3 24. f5 Bxg3 25.
Qxg3 Re8 26. Rg1 Qc6+ 27. Rg2 Re7 28. Qh4+ Kg8 29. Qxd4 Re4 30. Qxa7 Rg4 31. Rg1 Qf3 32. Qa3 Ne4 33. h4 Nf2+ 34. Kh2 Qh3# 0-1

[Event "Early-Titled-Tuesday-Blitz-March-19-2024"]
[Site "Chess.com"]
[Date "2024.03.19"]
[Round "9"]
[White "Viktor_Poddubnyi"]
[Black "Horokoskii"]
[Result "0-1"]
[WhiteElo "2289"]
[BlackElo "2165"]
[TimeControl "180+1"]
[EndTime "9:44:23 PDT"]
[Termination "Horokoskii won by resignation"]

1. e4 c5 2. Nf3 d6 3. d4 cxd4 4. Nxd4 Nf6 5. Nc3 g6 6. Be3 Nc6 7. f3 h5 8. Qd2 Nxd4 9. Bxd4 Bh6 10. Be3 Bxe3 11. Qxe3 Be6 12. Bb5+ Kf8 13. Ba4 Qa5 14. O-O Rc8 15. Bb3 Bc4 16. Rfe1 a6 17. Rad1 Kg7 18. h3 Bxb3 19. axb3 Qc5 20. Kf2 h4 21. Rd2 Nh5 22.
Qxc5 Rxc5 23. Nd5 e6 24. Ne3 Rd8 25. Red1 Nf4 26. Rxd6 Rxd6 27. Rxd6 Rc7 28. c3 Nh5 29. Nc4 Nf4 30. Ne5 g5 31. Nd3 Ng6 32. Ke3 Kf6 33.
Rb6 Ne7 34. b4 Nc8 0-1

[Event "Early-Titled-Tuesday-Blitz-March-19-2024"]
[Site "Chess.com"]
[Date "2024.03.19"]
[Round "9"]
[White "Pragmatist237"]
[Black "m_ezat"]
[Result "0-1"]
[WhiteElo "2310"]
[BlackElo "2595"]
[TimeControl "180+1"]
[EndTime "9:44:24 PDT"]
[Termination "m_ezat won by resignation"]

1. e4 c6 2. d4 d5 3. e5 c5 4. dxc5 e6 5. Nf3 Nd7 6. a3 Nxc5 7. Bd3 Nxd3+ 8. Qxd3 Ne7 9. O-O Nc6 10. b4 Be7 11. Bb2 O-O 12. Nbd2 b6 13. Rad1 a5 14. b5 Nb8 15. Qe2 Nd7 16. c3 Qc7 17. c4 Bb7 18.
Rc1 Nc5 19. cxd5 Bxd5 20. Nc4 Rfd8 21. Nd4 Qb7 22. f3 Rac8 23. Ne3 Bg5 24. f4 Be7 25.
Nxd5 Qxd5 26. Nc6 Rxc6 27. bxc6 Qxc6 28. Kh1 Rc8 29. Qf3 Qb5 30. Bd4 g6 31. Rb1 Qa4 32. Bxc5 Bxc5 33. Rfc1 Rd8 34. h3 Rd4 35. Qa8+ Kg7 36.
Qc8 Rxf4 37. Rxc5 bxc5 38. Qxc5 Qe4 39. Qxa5 Qxb1+ 40. Kh2 Rf5 0-1

[Event "Early-Titled-Tuesday-Blitz-March-19-2024"]
[Site "Chess.com"]
[Date "2024.03.19"]
[Round "9"]
[White "andrzej"]
[Black "bobo_panda"]
[Result "1-0"]
[WhiteElo "2516"]
[BlackElo "2347"]
[TimeControl "180+1"]
[EndTime "9:44:25 PDT"]
[Termination "andrzej won by checkmate"]

1. e4 e6 2. d4 d5 3. Nc3 Nf6 4. e5 Nfd7 5. f4 c5 6. Nf3 Nc6 7. Be3 a6 8. a3 b5 9. Bd3 Qa5 10. O-O cxd4 11. Nxd4 Nxd4 12. Bxd4 Qc7 13. Qe2 Bc5 14.
Bxc5 Qxc5+ 15. Kh1 Bb7 16. Qg4 g6 17. Rf3 h5 18.
Qh4 Qe7 19. Qf2 Qc5 20. Qf1 O-O-O 21. b4 Qxc3 22. Bxb5 Qc7 23. Bxa6 Qb6 24. Rc3+ Kb8 25. Bd3 Rc8 26. Rb3 d4 27. a4 Bd5 28. Rb2 Qc7 29. Ba6 Bb7 30. a5 Bxa6 31. Qxa6 Qc6 32. Qe2 Qc4 33. Qd1 Ka8 34. b5 Nc5 35. b6 Kb7 36. Qf3+ Qd5 37. a6+ Nxa6 38. Qa3 Ra8 39. Qe7+ Kb8 40. Rxa6 Rxa6 41. Qc7+ Ka8 42. b7+ Ka7 43.
b8=Q# 1-0

[Event "Early-Titled-Tuesday-Blitz-March-19-2024"]
[Site "Chess.com"]
[Date "2024.03.19"]
[Round "9"]
[White "2KTNGO"]
[Black "wonderfultime"]
[Result "0-1"]
[WhiteElo "2578"]
[BlackElo "3065"]
[TimeControl "180+1"]
[EndTime "9:44:29 PDT"]
[Termination "wonderfultime won on time"]

1. d4 d5 2. Nf3 Nf6 3. Bf4 c5 4. e3 Qb6 5. Nc3 Bd7 6. Rb1 e6 7. Ne5 Bd6 8. Qd2 a6 9. Be2 Qc7 10. Bg3 O-O 11. O-O Nc6 12. f4 cxd4 13. exd4 Nxd4 14. Bd3 Nb5 15. Nxd7 Qxd7 16. Nxb5 axb5 17.
a3 Qc6 18. Qe2 b4 19. axb4 Bxb4 20. f5 exf5 21. Rxf5 Ne4 22. Rbf1 Rae8 23. Qg4 g6 24. Bh4 Qe6 25. h3 Bc5+ 26. Kh1 Be7 27. Bxe7 Rxe7 28. Bxe4 dxe4 29. Rb5 Qxg4 30. hxg4 Rd8 31. Re1 Rd2 32. c3 e3 33. Kg1 Re4 34. g5 Rg4 35. Rxe3 Rgxg2+ 36. Kf1 Rdf2+ 37. Ke1 Rxb2 38. Rxb2 Rxb2 39. Re5 Kg7 40. Rc5 h6 41. gxh6+ Kxh6 0-1

[Event "Early-Titled-Tuesday-Blitz-March-19-2024"]
[Site "Chess.com"]
[Date "2024.03.19"]
[Round "9"]
[White "Orest_Vovk"]
[Black "diamonds13"]
[Result "0-1"]
[WhiteElo "2500"]
[BlackElo "2350"]
[TimeControl "180+1"]
[EndTime "9:44:29 PDT"]
[Termination "diamonds13 won by resignation"]

1. g4 d5 2. h3 e5 3. Bg2 c6 4. d4 e4 5. c4 Bd6 6. Nc3 Ne7 7. Qb3 a5 8. a4 Na6 9. cxd5 cxd5 10.
Bg5 Nb4 11. Nb5 O-O 12. Nxd6 Qxd6 13. Bxe7 Qxe7 14. f3 b6 15. Kf2 Re8 16. Kg3 Ba6 17.
f4 g5 18. e3 Nd3 19. Ne2 Rac8 20. h4 gxf4+ 21. Nxf4 Nxf4 22. exf4 Rc6 23. Qe3 Rec8 24. Rhc1 Bd3 25. Rxc6 Rxc6 26. Bf1 Bxf1 27. Rxf1 Qb4 28. f5 f6 29. Rc1 Qd6+ 30. Kh3 Qc7 31. Rxc6 Qxc6 32.
g5 Qc2 33. gxf6 Qd3 34. Qxd3 exd3 0-1

[Event "Early-Titled-Tuesday-Blitz-March-19-2024"]
[Site "Chess.com"]
[Date "2024.03.19"]
[Round "9"]
[White "ZachHKL"]
[Black "AlexandraSamaganova"]
[Result "0-1"]
[WhiteElo "2169"]
[BlackElo "2303"]
[TimeControl "180+1"]
[EndTime "9:44:29 PDT"]
[Termination "AlexandraSamaganova won by resignation"]

1. e4 c5 2. Nf3 e6 3. d4 cxd4 4. Nxd4 a6 5. c4 Qc7 6. Nc3 Nf6 7. Be3 b6 8. f3 Bb7 9. Qd2 d6 10. Be2 Nbd7 11. O-O Be7 12. Rfd1 O-O 13. Rac1 Rac8 14. a3 Qb8 15. b4 Bd8 16. Nb3 Bc7 17. Kh1 Rfe8 18.
Rg1 d5 19. cxd5 exd5 20. exd5 Bxh2 21. Rgd1 Qe5 22. Bd4 Qh5 23. Qd3 Bg3+ 24. Kg1 Qh2+ 25. Kf1 Ne5 26. Qd2 Bf4 27. Bg1 Bxd2 28. Bxh2 Bxc3 29.
d6 Nfd7 30. Rc2 Ng6 31. g4 Be5 32. Rxc8 Rxc8 33. Bxe5 Ngxe5 34. Nd4 g6 35. f4 Nc4 36. Nb3 Ne3+ 0-1

[Event "Early-Titled-Tuesday-Blitz-March-19-2024"]
[Site "Chess.com"]
[Date "2024.03.19"]
[Round "9"]
[White "fandebobbyfischer"]
[Black "valeriocarnicelli"]
[Result "1-0"]
[WhiteElo "2693"]
[BlackElo "2546"]
[TimeControl "180+1"]
[EndTime "9:44:30 PDT"]
[Termination "fandebobbyfischer won by checkmate"]

1. e4 e5 2. Nf3 Nc6 3. Bb5 f5 4. d4 fxe4 5. Nxe5 Nxe5 6. dxe5 c6 7. O-O cxb5 8. Nc3 d5 9. exd6 Qxd6 10. Qh5+ g6 11.
Qxb5+ Bd7 12. Qxb7 Bc6 13. Qa6 Nf6 14. Bf4 Qe6 15. Nb5 Nd5 16. Bg3 Kf7 17. Nd4 Qc8 18. Qxc6 Qxc6 19. Nxc6 Bg7 20. Rad1 Ke6 21. c4 Nb6 22.
Rd6+ Kf5 23. f3 e3 24. Bh4 Rhe8 25. g4+ Kf4 26. Bg3+ Kg5 27. h4+ Kh6 28. Bf4# 1-0

[Event "Early-Titled-Tuesday-Blitz-March-19-2024"]
[Site "Chess.com"]
[Date "2024.03.19"]
[Round "9"]
[White "Eliwood44"]
[Black "SamCopeland"]
[Result "1-0"]
[WhiteElo "2533"]
[BlackElo "2371"]
[TimeControl "180+1"]
[EndTime "9:44:31 PDT"]
[Termination "Eliwood44 won by resignation"]

1. d4 f5 2. Bg5 d6 3. e4 fxe4 4. Nc3 Nd7 5. Nxe4 Ngf6 6. Bd3 e6 7. Nh3 Be7 8. Nf4 Nf8 9. Nxf6+ Bxf6 10. Qh5+ g6 11.
Nxg6 hxg6 12. Bxg6+ Kd7 13. Qxh8 Bxh8 14. Bxd8 Kxd8 15.
Bd3 Bxd4 16. O-O-O Bxf2 17. Rdf1 Be3+ 18. Kd1 Ke7 19.
Rf3 Bh6 20. Rhf1 e5 21. Rf7+ Ke8 22. Rxc7 Bg4+ 23. Be2 Bxe2+ 24. Kxe2 Ne6 25. Rh7 Bf8 26. c3 b6 27. g3 a5 28. a4 Rc8 29. Rf6 Ng5 30.
Rxf8+ Kxf8 31. Rh8+ Ke7 32. Rxc8 1-0

[Event "Early-Titled-Tuesday-Blitz-March-19-2024"]
[Site "Chess.com"]
[Date "2024.03.19"]
[Round "9"]
[White "GeorgiosSouleidis"]
[Black "ATM622"]
[Result "1-0"]
[WhiteElo "2680"]
[BlackElo "2496"]
[TimeControl "180+1"]
[EndTime "9:44:32 PDT"]
[Termination "GeorgiosSouleidis won on time"]

1. e4 c6 2. Nc3 d5 3. Nf3 g6 4. d4 Bg7 5. h3 dxe4 6. Nxe4 Bf5 7. Ng3 Be6 8. Be2 h5 9. O-O Nf6 10. c3 h4 11. Nh1 Qc8 12. Ng5 Bf5 13. Bc4 e6 14. f4 Nh5 15. Qf3 Nd7 16. Bd2 Ndf6 17. Rae1 b5 18. Bb3 a5 19. a4 Rb8 20. Bc1 bxa4 21.
Bxa4 Rb6 22. Rd1 Nd5 23. Rfe1 Qd7 24. c4 Nb4 25. d5 Qe7 26. dxe6 fxe6 27. Be3 Rb7 28.
Bxc6+ Nxc6 29. Qxc6+ Rd7 30. Bc5 Qd8 31. Nxe6 1-0

[Event "Early-Titled-Tuesday-Blitz-March-19-2024"]
[Site "Chess.com"]
[Date "2024.03.19"]
[Round "9"]
[White "ajeale2"]
[Black "Szachulec75"]
[Result "1-0"]
[WhiteElo "2452"]
[BlackElo "2232"]
[TimeControl "180+1"]
[EndTime "9:44:32 PDT"]
[Termination "ajeale2 won by resignation"]

1. e4 d6 2. d4 Nf6 3. Nc3 c6 4. Nf3 Bg4 5. h3 Bxf3 6. gxf3 e5 7.
dxe5 dxe5 8. Qxd8+ Kxd8 9. Bc4 Ke8 10. Be3 b5 11. Bb3 Nbd7 12. O-O-O Nc5 13. Rhg1 Nxb3+ 14. axb3 h6 15. Ne2 g6 16. Kb1 Be7 17. Nc1 a5 18.
Nd3 a4 19. Nxe5 Ra6 20. Rd3 a3 21. bxa3 Bxa3 22. Rgd1 Ke7 23. Nd7 Rha8 24. Bc5+ Bxc5 25. Nxc5 Ra2 26. Rd6 b4 27. Na4 c5 28. Kxa2 Ne8 29.
Rb6 Kf8 30. Rb7 1-0

[Event "Early-Titled-Tuesday-Blitz-March-19-2024"]
[Site "Chess.com"]
[Date "2024.03.19"]
[Round "9"]
[White "AndresDelgado77"]
[Black "FARIZA2018"]
[Result "1-0"]
[WhiteElo "2336"]
[BlackElo "2527"]
[TimeControl "180+1"]
[EndTime "9:44:34 PDT"]
[Termination "AndresDelgado77 won on time"]

1. e4 e5 2. Bc4 Nf6 3. d3 Nc6 4. Nc3 Bc5 5. f4 d6 6. Nf3 O-O 7. f5 h6 8. h3 Na5 9. g4 Nxc4 10.
dxc4 Bb4 11. Qe2 Bxc3+ 12. bxc3 Nd7 13. g5 h5 14. Nh4 Nc5 15. Qxh5 Nxe4 16. O-O Re8 17.
Be3 Ng3 18. Qg4 Nxf1 19. Rxf1 d5 20. Qh5 d4 21. Ng6 fxg6 22. fxg6 1-0

[Event "Early-Titled-Tuesday-Blitz-March-19-2024"]
[Site "Chess.com"]
[Date "2024.03.19"]
[Round "9"]
[White "Durarbayli"]
[Black "HamedWafa4"]
[Result "0-1"]
[WhiteElo "2969"]
[BlackElo "2839"]
[TimeControl "180+1"]
[EndTime "9:44:35 PDT"]
[Termination "HamedWafa4 won on time"]

1. e4 e5 2. Nf3 Nc6 3. d4 exd4 4. Nxd4 Bc5 5. Nb3 Bb6 6. Qe2 Nge7 7. Be3 O-O 8. Nc3 f5 9. O-O-O f4 10. Bxb6 axb6 11.
g3 Ng6 12. h4 fxg3 13. fxg3 d6 14. Kb1 Nge5 15. Qd2 Bg4 16. Be2 Bxe2 17. Nxe2 Qf6 18. Nf4 Kh8 19. Qe2 Qf7 20. a3 Qc4 21. Qxc4 Nxc4 22. Ne6 Rf7 23. Rhf1 Re7 24. Nf4 Ne3 25. Nd5 Nxf1 26. Nxe7 Nxg3 27. Nxc6 bxc6 28. Nd4 c5 29. Nb5 Rc8 30. Re1 Kg8 31. e5 Nf5 32. h5 dxe5 33.
Rxe5 Nd6 34. Nxd6 cxd6 35. Re7 g5 36. h6 Kh8 37. Kc1 g4 38. Rd7 g3 39. Rxd6 g2 40. Rd1 Rf8 0-1

[Event "Early-Titled-Tuesday-Blitz-March-19-2024"]
[Site "Chess.com"]
[Date "2024.03.19"]
[Round "9"]
[White "bulletteemo"]
[Black "jocmil"]
[Result "1-0"]
[WhiteElo "2621"]
[BlackElo "2757"]
[TimeControl "180+1"]
[EndTime "9:44:36 PDT"]
[Termination "bulletteemo won by resignation"]

1. e4 e5 2. Nf3 Nc6 3. Bb5 a6 4. Ba4 Nf6 5. O-O Be7 6. d3 b5 7.
Bb3 O-O 8. c3 d6 9. a4 Bd7 10.
Bc2 b4 11. a5 Rb8 12. Nbd2 Qc8 13. Nc4 Bg4 14. Ne3 Be6 15. d4 exd4 16. cxd4 d5 17. e5 Ne4 18. Bd3 f5 19. exf6 Bxf6 20. Re1 Ng5 21. Nxg5 Bxg5 22. Qh5 Bh6 23. Nxd5 Bg4 24. Qh4 Qd7 25. Bxh6 gxh6 26. Ne7+ Nxe7 27. Rxe7 Qd6 28. Qxg4+ 1-0

[Event "Early-Titled-Tuesday-Blitz-March-19-2024"]
[Site "Chess.com"]
[Date "2024.03.19"]
[Round "9"]
[White "BallottiLuca"]
[Black "Massakru"]
[Result "1-0"]
[WhiteElo "2381"]
[BlackElo "2396"]
[TimeControl "180+1"]
[EndTime "9:44:36 PDT"]
[Termination "BallottiLuca won by resignation"]

1. e4 e5 2. Nf3 Nc6 3. Bc4 Nf6 4. Ng5 d5 5. exd5 Na5 6. Bb5+ c6 7. dxc6 bxc6 8.
Bd3 Ng4 9. Ne4 f5 10. Be2 h5 11. h3 fxe4 12. hxg4 Bc5 13. b4 O-O 14. bxc5 Qd4 15. O-O Qxa1 16. Nc3 e3 17. gxh5 exf2+ 18. Rxf2 Rxf2 19.
Kxf2 Be6 20. Ba3 Rf8+ 21. Ke1 Qxd1+ 22. Bxd1 Nc4 23. Bc1 Rb8 24. d3 Na5 25. Bf3 Nb7 26. Be3 Bd7 27. Kd2 Nd8 28. Ne4 Ne6 29. Nd6 Rb2 30. a3 Ra2 31. Nc4 Nd4 32. Bxd4 exd4 33. Ne5 Be8 34. Bxc6 Bxc6 35. Nxc6 Rxa3 36. Nxd4 Kf7 37.
g4 Ra5 38. c6 Rc5 39. c4 a5 40.
Kc3 Ke7 41. Nb3 Rxc6 42. Nxa5 Rc5 43. Kb4 Rg5 44. c5 Rxg4+ 45. Kb5 Rd4 46. Nc6+ 1-0